AoeStats
← 从不压堡之人

Oasis

509612623Analyzed
4v4 RM · 4d ago on Sep 27, 2026· 22m 16s· 8 players
Game mode
Random Map
Map size
Large (8 player)
Population
200
Speed
Normal
Resources
Standard
Victory
Conquest
Starting age
Dark Age
Ending age
Imperial Age
RankedLock teamsTeams togetherTeam positionsShared explorationLock speedFull tech treeHidden civsTurbo modeCheats
Victory
Defeat
🇨🇳 Teutons · China
998
+15
🇨🇳 Spanish · China
994
+15
🇨🇳 Khmer · China
990
+16
954
+17
🇮🇪 Dravidians · Ireland
1080
-20
🇮🇳 Khmer · India
1045
-18
🇮🇳 Franks · India
915
-13
🇮🇳 Mongols · India
887
-12
Sir HousedALot
6:28 Loom
8:52 Feudal Age
9:34 Double-Bit Axe
16:22 Gold Mining
17:08 Bloodlines
18:43 Scale Barding Armor
21:42 Castle Age
Raptor
1:03 Loom
14:43 Feudal Age
ashzbashz
5:20 Loom
13:17 Feudal Age
13:44 Town Watch
14:14 Horse Collar
17:00 Castle Age
16:48 Double-Bit Axe
18:37 Padded Archer Armor
18:27 Fletching
19:46 Leather Archer Armor
SlothPeek
3:04 Loom
14:12 Feudal Age
20:47 Castle Age
洗心革面重新做人TownYan
11:03 Feudal Age
12:20 Double-Bit Axe
12:25 Gold Mining
15:23 Castle Age
14:20 Forging
15:49 Loom
20:48 Scale Barding Armor
21:50 Chain Barding Armor
从不压堡之人
8:56 Feudal Age
10:56 Wheelbarrow
11:32 Fletching
12:42 Double-Bit Axe
20:25 Castle Age
19:31 Loom
20:30 Horse Collar
LLK是给
4:53 Loom
12:16 Feudal Age
14:29 Town Watch
17:34 Castle Age
15:51 Horse Collar
18:10 Double-Bit Axe
22:33 Wheelbarrow
22:26 Heavy Plow
我怕你审判长?
10:41 Feudal Age
13:58 Castle Age
12:53 Double-Bit Axe
13:37 Bloodlines
16:36 Scale Barding Armor
17:04 Horse Collar
18:08 Forging
22:18 Husbandry
22:47 Chain Barding Armor
Connection lost

Rejoining the realm…

Still unreachable

The connection could not be restored.

Session expired

The server has moved on; the page needs a fresh start.